 Dungeon Crawl Stone Soup version 0.26-a0-937-g67df3f2acb (webtiles) character file.

Game seed: 5313724931627326322

117 Alado the Skirmisher (level 4, -9/37 HPs)
             Began as a Demonspawn Abyssal Knight on Nov 27, 2020.
             Was a Follower of Lugonu.
             Killed by divine providence
             ... invoked by an orc priest
              (11 damage)
             ... on level 4 of the Dungeon.
             The game lasted 00:20:41 (3732 turns).

Alado the Skirmisher (Demonspawn Abyssal Knight)    Turns: 3732, Time: 00:20:43

Health: -9/37      AC:  7    Str: 13 (14) XL:     4   Next: 71%
Magic:  0/5        EV: 12    Int: 13      God:    Lugonu [*.....]
Gold:   233        SH:  0    Dex: 17 (18) Spells: 0/3 levels left

rFire    . . .     SeeInvis .   a - +1 spear
rCold    + . .     Faith    .   (no shield)
rNeg     + . .     Spirit   +   b - +1 leather armour
rPois    .         Reflect  .   j - +0 helmet
rElec    .         Harm     .   (no cloak)
rCorr    .         Rampage  .   (no gloves)
MR       .....                  d - +1 pair of boots
Stlth    +.........             (no amulet)
HPRegen  0.12/turn              c - ring of positive energy
MPRegen  0.09/turn              k - +6 ring of dexterity

@: very slightly contaminated
A: cold resistance 1, magic shield
a: Depart the Abyss, Renounce Religion


You were on level 4 of the Dungeon.
You worshipped Lugonu.
Lugonu was aware of your devotion.
You visited 1 branch of the dungeon, and saw 4 of its levels.
You visited the Abyss 1 time.

You collected 233 gold pieces.

Inventory:

Hand Weapons
 a - a +1 spear (weapon)
Missiles
 r - 13 poisoned darts (quivered)
Armour
 b - a +1 leather armour (worn)
 d - a +1 pair of boots (worn)
 j - a +0 helmet (worn)
 l - a +0 helmet
 o - a +0 chain mail
 p - a cursed +0 pair of gloves
Jewellery
 c - a ring of positive energy (left hand)
 k - a +6 ring of dexterity (right hand)
Scrolls
 g - 3 scrolls of identify
 h - 3 scrolls of teleportation
 i - 2 scrolls of remove curse
Potions
 e - a potion of flight
 f - a potion of might
 n - 2 potions of attraction {unknown}
 q - a potion of brilliance {unknown}


   Skills:
 + Level 3.8 Fighting
 + Level 3.1 Polearms
 + Level 2.4 Armour
 + Level 1.7 Dodging
 + Level 0.4 Stealth
 + Level 2.4 Invocations


You couldn't memorise any spells.
You knew the following spells:

 Your Spells              Type           Power        Failure   Level
a - Beastly Appendage     Tmut           #.....       36%         1
b - Wereblood             Tmut           #.......     52%         2

Your spell library contained the following spells:

 Spells                   Type           Power        Failure   Level
 Spider Form              Tmut/Pois      #.........   75%         3
 Ice Form                 Ice/Tmut       #.......     98%         4
 Blade Hands              Tmut           #.........   100%        5


Dungeon Overview and Level Annotations

Branches:
Dungeon (4/15)
 Temple: D:4-7

Altars:
Ru


Innate Abilities, Weirdness & Mutations

Your flesh is cold resistant. (rC+)
When hurt, damage is shared between your health and your magic reserves.


Message History

The orc priest mumbles some strange prayers to Beogh against you.
Beogh smites you!
* * * LOW HITPOINT WARNING * * *
You hit the orc wizard.
The orc wizard is almost dead.
The orc wizard hits you but does no damage. x2
You hit the orc wizard but do no damage.
The orc wizard is almost dead.
The orc wizard hits you but does no damage.
You barely miss the orc wizard.
The orc wizard is almost dead.
The orc wizard hits you but does no damage.
You hit the orc wizard.
The orc wizard is almost dead.
The orc wizard barely misses you. The orc wizard casts a spell at you.
The puff of frost misses you.
The orc priest calls down the wrath of Beogh upon you.
Beogh smites you!
You die...

......♣...#
####.#.
#......♣..##
#.#.
>...♣.♣....#
#...
#...♣♣....#
###.
#.........#
#.........#
###.##.####
#......#
#@####.# #o#
### ###
#oo.§§§ ≈≈≈
#.'.§§o..
... #.'.≈§
≈§≈ #######
### #. #. #.


You could see an orc priest, an orc wizard (fast) and an orc.

Vanquished Creatures
  4 adders
  An ooze (D:1)
  2 worms (D:2)
  10 dart slugs
  2 leopard geckos (D:1)
  2 orcs
  A ball python (D:2)
  2 giant cockroaches (D:2)
  3 goblins
  5 hobgoblins
  7 kobolds
  4 bats
  2 frilled lizards
  A leopard gecko skeleton (D:4)
  3 rats
49 creatures vanquished.

Notes
Turn   | Place    | Note
-------+----------+-------------------------------------------
     0 | Abyss:1  | Alado the Demonspawn Abyssal Knight began the quest for the
                  | Orb.
     0 | Abyss:1  | Reached XP level 1. HP: 18/18 MP: 2/2
    33 | Abyss:1  | Noticed a guardian serpent
    34 | Abyss:1  | Noticed a naga warrior
    34 | Abyss:1  | Noticed a naga
    36 | D:1      | Escaped the Abyss
   518 | D:1      | Reached * piety under Lugonu
   521 | D:1      | Gained mutation: When hurt, damage is shared between your
                  | health and your magic reserves. [demonic ancestry]
   521 | D:1      | Reached XP level 2. HP: 24/24 MP: 3/3
   580 | D:1      | Reached skill level 1 in Dodging
  1152 | D:2      | Reached XP level 3. HP: 26/30 MP: 2/4
  1671 | D:2      | Found a sacrificial altar of Ru.
  2265 | D:3      | Gained mutation: Your flesh is cold resistant. (rC+)
                  | [demonic ancestry]
  2265 | D:3      | Reached XP level 4. HP: 28/37 MP: 5/5
  2534 | D:3      | Found a faded altar of an unknown god.
  3319 | D:3      | Learned a level 1 spell: Beastly Appendage
  3322 | D:3      | Learned a level 2 spell: Wereblood
  3728 | D:4      | HP: 1/37 [orc priest/divine providence (15)]
  3732 | D:4      | Killed from afar by an orc priest

Illustrated notes

Levels and vault maps discovered:
D:1:      eino_arrival_water_star, layout_basic, serial_curves, eino_curves_01,
          eino_curves_01
D:2:      layout_basic, lemuel_doored_altar
D:3:      kennysheep_slugbush, layout_loops_corners,
          chequers_ecumenical_altar_simple
D:4:      layout_loops_ring, nicolae_qazlal_general_emergency,
          nicolae_gozag_seed_capital, gup_sewer_entry_bowl, chequers_garden,
          kennysheep_cross_bottleneck, hangedman_ru_absence

Skill      XL: |  1  2  3  4 |
---------------+-------------+-----
Dodging        | 1 |  1.7
Polearms       | 2 3 |  3.1
Armour         | 2 |  2.4
Fighting       | |  3.8
Stealth        | |  0.4
Invocations    | |  2.4

Action                   |  1- 3 |  4- 6 || total
-------------------------+-------+-------++-------
Melee: Spear             |   117 |   116 ||   233
       Kick              |       |     2 ||     2
       Headbutt          |       |     1 ||     1
 Cast: Beastly Appendage |       |     1 ||     1
Invok: Depart the Abyss  |     1 |       ||     1
  Use: Scroll            |    10 |     1 ||    11
       Potion            |     6 |     3 ||     9
 Stab: Sleeping          |     1 |       ||     1
Armor: Leather armour    |    28 |    23 ||    51
Dodge: Dodged            |    47 |    42 ||    89

Table legend: (Time is in decaauts)
 A = Elapsed time spent in this place.
 B = Non-inter-level travel time spent in this place.
 C = Inter-level travel time spent in this place.
 D = Time resting spent in this place.
 E = Time spent auto-exploring this place.
 F = Levels seen in this place.
 G = Mean time per level.
                   A        B        C        D        E       F      G
               +--------+--------+--------+--------+--------+-----+--------+
         Total |   3723 |   3657 |     66 |    142 |   2976 |   5 |  744.6 |
       Dungeon |   3687 |   3621 |     66 |    142 |   2943 |   4 |  921.8 |
         Abyss |     36 |     36 |      0 |      0 |     33 |   1 |   36.0 |
               +--------+--------+--------+--------+--------+-----+--------+

Top non-repeatable levels by time:
     D:2: 1289 daAuts
     D:3: 1170 daAuts
     D:1: 1051 daAuts
     D:4: 175 daAuts
 Abyss:1: 36 daAuts
